 Dungeon Crawl Stone Soup version 0.15.1-2-g8fbdab7 (webtiles) character file.

5315 DrPain the Nimble (level 10, -41/55 HPs)
             Began as a Spriggan Assassin on Oct 1, 2014.
             Was an Elder of Dithmenos.
             Annihilated by an enormous slime creature (46 damage)
             ... on Level 10 of the Dungeon.
             The game lasted 00:42:10 (14120 turns).

DrPain the Nimble (Spriggan Assassin)              Turns: 14120, Time: 00:42:12

HP -41/55        AC  6     Str  8      XL: 10   Next: 37%
MP   0/26        EV 30     Int 11      God: Dithmenos [****..]
Gold 489         SH  0     Dex 20      Spells:  0 memorised, 23 levels left

rFire  . . .     SeeInvis +     A - +3 short sword
rCold  + . .     Clarity  .     s - +1 robe {MR+}
rNeg   . . .     rCorr    .     (shield restricted)
rPois  .         rRot     .     g - +1 hat
rElec  .         Spirit   +     d - +0 cloak
SustAb .         Warding  .     (gloves unavailable)
rMut   .         NoTele   +     (boots unavailable)
Gourm  .                        q - cursed amulet of guardian spirit
MR     ++...                    b - ring of teleport control
                                u - ring of Thrabb {-Tele EV+2}

@: wreathed by umbra, very quick, very resistant to hostile enchantments, very
stealthy
A: unfitting armour, molten scales 1, see invisible, cold resistance 1, dopey 1,
herbivore 3, speed 3, low mp 1, screaming 1, slow metabolism 2
a: Shadow Step, Renounce Religion, Evoke Teleport Control


You were on level 10 of the Dungeon.
You worshipped Dithmenos.
Dithmenos was greatly pleased with you.
You were not hungry.

You visited 2 branches of the dungeon, and saw 11 of its levels.

You collected 489 gold pieces.

Inventory:

Hand weapons
 f - a +0 blowgun
 y - a +0 cutlass
 A - a +3 short sword (weapon)
Missiles
 e - 95 poisoned needles
 j - 89 stones (quivered)
 p - 3 needles of confusion
 v - 5 tomahawks
Armour
 c - a +0 robe
 d - a +0 cloak (worn)
 g - a +1 hat (worn)
 s - a +1 robe of magic resistance (worn)
Magical devices
 o - a wand of disintegration (9)
 t - a wand of magic darts (5)
Comestibles
 k - a bread ration
Scrolls
 a - 2 scrolls of identify
 h - a scroll of enchant weapon
 i - 4 scrolls of teleportation
 m - 3 scrolls of remove curse
 n - a scroll of recharging
 w - a scroll of fog
 x - a scroll of blinking
Jewellery
 b - a ring of teleport control (right hand)
 q - a cursed amulet of guardian spirit (around neck)
 u - the ring of Thrabb (left hand) {-Tele EV+2}
   (You found it on level 7 of the Dungeon)

   [ring of evasion]

   It affects your evasion (+2).
   It prevents most forms of teleportation.
 z - an uncursed ring of flight
Potions
 l - a potion of haste
 r - a potion of flight
 B - a potion of agility


   Skills:
 - Level 7.0 Fighting
 - Level 10.3 Short Blades
 - Level 2.1 Throwing
 - Level 10.4 Dodging
 + Level 5.8 Stealth
 - Level 7.0 Spellcasting


You had 23 spell levels left.
You didn't know any spells.

Dungeon Overview and Level Annotations

Branches:
Dungeon (10/15)            Temple (1/1) D:5             Orc (0/4) D:9
   Lair (0/8) D:8

Altars:
Ashenzari
Cheibriados
Dithmenos
Elyvilon
Fedhas
Kikubaaqudgha
Makhleb
Nemelex Xobeh
Okawaru
Qazlal
Sif Muna
Trog
Vehumet
Xom
Yredelemnul
Zin
The Shining One

Shops:
D:5 ?

Annotations:
D:7 DrPain's ghost, experienced SpAs


Innate Abilities, Weirdness & Mutations

You are tiny and cannot use many weapons and most armour.
You have supernaturally acute eyesight.
You are a herbivore.
You cover ground extremely quickly.
You need consume almost no food.
You are partially covered in molten scales (AC +1).
Your flesh is cold resistant.
You are dopey. (Int -2)
Your magical capacity is low (-10% MP).
You occasionally shout uncontrollably at your foes.


Message History

The slime creature completely misses you.
You hit the slime creature.
The slime creature is heavily wounded.
Your shadow hits the slime creature but does no damage.
The enormous slime creature hits you!!!
You emit a cloud of dark smoke.
The slime creature hits you!
You hit the slime creature but do no damage.
The slime creature is heavily wounded.
The slime creature closely misses you.
The enormous slime creature completely misses you.
The slime creature completely misses you.
You hit the slime creature.
The slime creature is severely wounded.
You slash the slime creature!
The slime creature is severely wounded.
The slime creature hits you!
* * * LOW HITPOINT WARNING * * *
The enormous slime creature hits you!!!
Ouch! That really hurt!
You die...

### #.# ###.#### .......#
.......#
.......############
................§§#
..............§§§§#######
....######....§§@J§......
....# #....§§JJ§......
....# ########.<.....
(...# ....### ....# ....#
....# ....# ...## .....
...# .... ...# .


You could see an enormous slime creature and 2 slime creatures.

Vanquished Creatures
  An unseen horror (D:6)
  A hill giant zombie (D:9)
  A wraith (D:9)
  A hippogriff (D:7)
  2 wargs (D:8)
  2 orc warriors
  2 sky beasts
  4 ice beasts
  A yellow wasp (D:6)
  5 ogres
  5 phantoms
  Duvessa (D:6)
  A big kobold (D:6)
  3 centaurs
  3 giant frogs
  Blork the orc (D:6)
  4 scorpions
  A wyvern zombie (D:8)
  2 jellies
  A yellow wasp zombie (D:6)
  6 crimson imps
  Dowan (D:6)
  4 goliath beetles (D:6)
  An orc priest (D:8)
  A centaur skeleton (D:7)
  A centaur zombie (D:5)
  A gnoll shaman (D:6)
  Crazy Yiuf (D:2)
  7 orc wizards
  4 hounds
  3 worker ants
  An iguana (D:8)
  5 ogre zombies (D:9)
  An ogre skeleton (D:7)
  A big kobold skeleton (D:7)
  4 worker ant zombies
  8 gnolls
  12 adders
  3 shadow imps
  3 giant mites
  A worm (D:3)
  3 adder zombies
  6 giant geckos
  An ooze (D:1)
  14 orcs
  15 bats
  A bat skeleton (D:5)
  A bat zombie (D:6)
  13 goblins
  17 hobgoblins
  11 jackals
  2 quokkas
  A ball python (D:4)
  7 giant cockroaches
  A giant gecko skeleton (D:6)
  7 giant newts
  A giant spore (D:5)
  5 goblin skeletons
  6 goblin zombies
  3 hobgoblin skeletons (D:9)
  5 hobgoblin zombies
  19 kobolds
  12 kobold skeletons
  3 kobold zombies (D:9)
  2 orc skeletons (D:4)
  13 orc zombies
  A quokka skeleton (D:4)
  23 rats
  3 rat skeletons
  5 ballistomycetes
312 creatures vanquished.

Vanquished Creatures (others)
  An adder (D:7)
  An orc (D:6)
  A giant spore (D:7)
3 creatures vanquished.

Grand Total: 315 creatures vanquished

Notes
Turn   | Place    | Note
--------------------------------------------------------------
     0 | D:1      | DrPain, the Spriggan Assassin, began the quest for the Orb.
     0 | D:1      | Reached XP level 1. HP: 10/10 MP: 2/2
    86 | D:1      | Reached XP level 2. HP: 1/14 MP: 4/4
  1525 | D:1      | Reached XP level 3. HP: 12/18 MP: 6/6
  2159 | D:2      | Reached XP level 4. HP: 20/22 MP: 8/8
  2325 | D:2      | Reached skill level 5 in Short Blades
  2653 | D:2      | Noticed Crazy Yiuf
  2675 | D:2      | Killed Crazy Yiuf
  3000 | D:2      | Reached XP level 5. HP: 25/25 MP: 10/10
  3185 | D:3      | Gained mutation: Your magical capacity is low (-10% MP). [potion of mutation]
  3185 | D:3      | Gained mutation: You occasionally shout uncontrollably at your foes. [potion of mutation]
  3185 | D:3      | Gained mutation: Your flesh is cold resistant. [potion of mutation]
  3731 | D:3      | Reached skill level 5 in Dodging
  3989 | D:4      | Reached skill level 6 in Dodging
  4323 | D:4      | Noticed an ogre
  4328 | D:4      | Killed an ogre
  4328 | D:4      | Reached skill level 7 in Dodging
  4328 | D:4      | Reached XP level 6. HP: 30/30 MP: 10/10
  4799 | D:5      | Entered Level 5 of the Dungeon
  4863 | D:5      | Reached skill level 8 in Dodging
  4883 | D:5      | Found a staircase to the Ecumenical Temple.
  4964 | Temple   | Entered the Ecumenical Temple
  5030 | Temple   | Became a worshipper of Dithmenos the Shadowed
  5057 | D:5      | Found Juet's Magic Scroll Emporium.
  5207 | D:5      | Reached XP level 7. HP: 33/33 MP: 12/12
  5293 | D:5      | Reached skill level 9 in Dodging
  5990 | D:6      | Reached skill level 10 in Dodging
  6582 | D:6      | Reached XP level 8. HP: 37/37 MP: 14/14
  6877 | D:6      | Noticed Dowan
  6914 | D:6      | Killed Dowan
  7114 | D:6      | Noticed Duvessa
  7151 | D:6      | Killed Duvessa
  7587 | D:6      | Acquired Dithmenos' first power
  7934 | D:6      | Noticed Blork the orc
  7956 | D:6      | Killed Blork the orc
  9493 | D:7      | Reached skill level 10 in Short Blades
  9543 | D:7      | Reached XP level 9. HP: 33/41 MP: 16/16
  9889 | D:7      | Noticed an unseen horror
  9991 | D:6      | Killed an unseen horror
 10437 | D:6      | Reached skill level 5 in Fighting
 10615 | D:7      | Noticed DrPain's ghost (experienced SpAs)
 11067 | D:7      | Found a white marble altar of Elyvilon.
 11354 | D:7      | Got a sparkling wooden ring
 11610 | D:7      | Gained mutation: You are dopey. (Int -2) [potion of mutation]
 11610 | D:7      | Gained mutation: You are partially covered in molten scales (AC +1). [potion of mutation]
 11829 | D:8      | Found a snail-covered altar of Cheibriados.
 11989 | D:8      | Acquired Dithmenos' second power
 11991 | D:8      | Identified the ring of Thrabb {-Tele EV+2} (You found it on level 7 of the Dungeon)
 11994 | D:8      | Found an iron altar of Okawaru.
 12201 | D:8      | Reached skill level 5 in Spellcasting
 12411 | D:8      | Found a staircase to the Lair.
 12576 | D:8      | Reached XP level 10. HP: 37/51 MP: 22/25
 13291 | D:9      | Found a staircase to the Orcish Mines.
 13607 | D:9      | Acquired Dithmenos' third power
 13983 | D:9      | Found a glowing golden altar of the Shining One.
 14084 | D:10     | Entered Level 10 of the Dungeon
 14120 | D:10     | Annihilated by an enormous slime creature

Action                   |  1- 3 |  4- 6 |  7- 9 | 10-12 || total
-------------------------+-------+-------+-------+-------++-------
Melee: Dagger            |   104 |   265 |  1424 |       ||  1793
       Short sword       |       |       |    31 |   366 ||   397
 Fire: Blowgun           |    20 |    20 |    87 |       ||   127
Throw: Stone             |       |     1 |     2 |       ||     3
Evoke: Wand              |       |       |     6 |       ||     6
  Use: Potion            |     4 |     4 |     7 |       ||    15
       Scroll            |       |     9 |     6 |     1 ||    16
 Stab: Sleeping          |     7 |    23 |    11 |     9 ||    50
       Distracted        |       |     1 |     7 |     3 ||    11
  Eat: Bread ration      |       |       |     1 |     1 ||     2
